 Dungeon Crawl Stone Soup version 0.15.0-11-g6f4f891 (webtiles) character file.

680 Kashira the Sneak (level 7, 0/57 HPs)
             Began as a Naga Enchanter on Aug 30, 2014.
             Was an Initiate of Qazlal.
             Slain by an orc warrior
             ... wielding a +0 mace
              (6 damage)
             ... on Level 6 of the Dungeon.
             The game lasted 00:41:09 (5259 turns).

Kashira the Sneak (Naga Enchanter)                  Turns: 5259, Time: 00:41:09

HP   0/57        AC 11     Str 10      XL: 7   Next: 60%
MP   0/17        EV  8     Int 16      God: Qazlal [......]
Gold 148         SH  0     Dex 13      Spells:  3 memorised,  8 levels left

rFire  . . .     SeeInvis +     x - -3 spear (curse)
rCold  + + .     Clarity  .     v - +0 leather armour
rNeg   + . .     rCorr    +     (no shield)
rPois  +         rRot     .     (no helmet)
rElec  +         Spirit   .     f - +0 cloak
SustAb .         Warding  +     e - +1 pair of gloves
rMut   .         Stasis   .     p - +0 naga barding
Gourm  .                        r - amulet of warding
MR     .....                    (no ring)
                                y - ring of ice

@: resistant, very slightly contaminated, very slow, not resistant to hostile
enchantments, fairly stealthy
A: spit poison, see invisible, deformed body, poison resistance, slowness 2, AC
+2
a: Spit Poison, Renounce Religion


You were on level 6 of the Dungeon.
You worshipped Qazlal.
Qazlal was noncommittal.
You were very hungry.

You visited 2 branches of the dungeon, and saw 7 of its levels.

You collected 148 gold pieces.

Inventory:

Hand weapons
 o - a +2 short sword of venom
 x - a cursed -3 spear (weapon)
Missiles
 l - 2 javelins
 D - 2 tomahawks (quivered)
Armour
 b - a +1 robe
 e - a +1 pair of gloves (worn)
 f - a +0 cloak (worn)
 p - a +0 naga barding (worn)
 v - a +0 leather armour (worn)
Comestibles
 d - 4 bread rations
 m - 2 meat rations
Scrolls
 g - 3 scrolls of recharging
 k - 2 scrolls of enchant armour
 s - a scroll of magic mapping
 u - 6 scrolls of identify
 B - a scroll of remove curse {unknown}
Jewellery
 h - an uncursed amulet of resist mutation {unknown}
 r - an amulet of warding (around neck)
 y - a ring of ice (left hand)
Potions
 a - 2 potions of cure mutation
 i - a potion of resistance
 j - a potion of restore abilities {unknown}
 n - a potion of degeneration {unknown}
 q - a potion of poison {unknown}
 t - a potion of cancellation {unknown}
 z - a potion of berserk rage {unknown}
 C - a potion of brilliance {unknown}
Books
 c - a book of Maledictions

   Spells                             Type                      Level
   *Corona                            Hexes                        1
   *Sure Blade                        Hexes/Charms                 2
   Ensorcelled Hibernation            Hexes/Ice                    2
   *Confuse                           Hexes                        3
   Dazzling Spray                     Conjuration/Hexes            3
   Enslavement                        Hexes                        4


   Skills:
 + Level 1.4 Fighting
 + Level 2.0 Short Blades
 + Level 1.0 Throwing
 + Level 1.2 Armour
 + Level 3.2 Dodging
 + Level 6.1 Stealth
 + Level 4.1 Spellcasting
 + Level 4.6 Hexes
 + Level 1.2 Charms


You had 8 spell levels left.
You knew the following spells:

 Your Spells              Type           Power        Failure   Level  Hunger
a - Corona                Hex            ###....      2%          1    None
b - Sure Blade            Hex/Chrm       ##........   10%         2    ##.....
c - Confuse               Hex            ###.....     10%         3    ###....


Dungeon Overview and Level Annotations

Branches:
Dungeon (6/15)             Temple (1/1) D:5

Altars:
Ashenzari
Cheibriados
Dithmenos
Elyvilon
Kikubaaqudgha
Nemelex Xobeh
Qazlal
Sif Muna
Trog
Xom
Yredelemnul
Zin
The Shining One

Shops:
D:4 :   D:5 *[


Innate Abilities, Weirdness & Mutations

You cannot wear boots.
You can spit poison.
Your serpentine skin is tough (AC +2).
You have supernaturally acute eyesight.
Armour fits poorly on your strangely shaped body.
Your system is resistant to poisons.
You cover ground very slowly.


Message History

The orc warrior is lightly wounded.
You feel slightly more hungry. The orc warrior hits you with a mace!
The orc warrior hits you with a mace!
* * * LOW HITPOINT WARNING * * *
Drink which item? (? for menu, Esc to quit)
You feel protected.
It was a potion of resistance.
The orc warrior looks more healthy.
The orc warrior hits you but does no damage.
You have got your breath back.
You are feeling very hungry.
Casting: Confuse
Confirm with . or Enter, or press ? or * to list all spells.
Aiming: Confuse
Press: ? - help, Shift-Dir - straight line, f/p - orc warrior
Aim: an orc warrior, wielding a mace, wearing a plate armour and wearing an amulet of clarity (moderately wounded)
You miscast Confuse.
You are very lightly contaminated with residual magic.
You feel a strange surge of energy! The orc warrior hits you with a mace.
You die...

..Z##.....##. ##
#..##........ #.
#...+.._..... ##.
#..##...[.##. ##
..###...#.....#..
#.#
#.##..####'####.
#.##.....####.###..
#..................
#@o...............
#.#######.........#
## #..........
#.......>..
##...#...##
#...#...# #.......#
#......###
#.........


You could see an orc warrior.

Vanquished Creatures
  An ogre (D:5)
  A giant frog (D:4)
  A scorpion (D:6)
  2 goliath beetles
  A hound (D:5)
  3 iguanas
  4 orc wizards
  6 adders
  A giant mite (D:3)
  A shadow imp (D:6)
  3 worms
  3 oozes
  9 orcs
  9 bats
  13 goblins
  6 hobgoblins
  14 jackals
  5 quokkas
  3 ball pythons
  A giant cockroach (D:4)
  4 giant geckos
  6 giant newts
  2 goblin skeletons (D:6)
  A goblin zombie (D:6)
  A hobgoblin zombie (D:6)
  7 kobolds
  A kobold skeleton (D:6)
  A kobold zombie (D:6)
  An orc skeleton (D:6)
  An orc zombie (D:6)
  9 rats
121 creatures vanquished.

Notes
Turn   | Place    | Note
--------------------------------------------------------------
     0 | D:1      | Kashira, the Naga Enchanter, began the quest for the Orb.
     0 | D:1      | Reached XP level 1. HP: 15/15 MP: 3/3
   274 | D:1      | Reached XP level 2. HP: 22/22 MP: 2/4
   278 | D:1      | Learned a level 2 spell: Sure Blade
   585 | D:1      | Reached XP level 3. HP: 28/28 MP: 1/6
   590 | D:1      | Learned a level 3 spell: Confuse
  1050 | D:2      | Reached skill level 5 in Stealth
  1385 | D:2      | Found a glowing silver altar of Zin.
  1661 | D:3      | Reached XP level 4. HP: 34/37 MP: 7/7
  2282 | D:4      | Noticed a phantom
  2292 | D:4      | Reached XP level 5. HP: 43/43 MP: 2/9
  2323 | D:4      | Noticed a giant frog
  2332 | D:4      | Killed a giant frog
  2332 | D:4      | Reached skill level 1 in Charms
  2519 | D:4      | Reached skill level 1 in Fighting
  2519 | D:4      | Reached XP level 6. HP: 47/51 MP: 12/12
  2627 | D:4      | Found Biuwnoaji's Book Boutique.
  3397 | D:5      | Entered Level 5 of the Dungeon
  3405 | D:5      | Found Schutier's General Store.
  3574 | D:5      | Reached skill level 6 in Stealth
  3684 | D:5      | Reached XP level 7. HP: 32/57 MP: 11/15
  3689 | D:5      | Found a staircase to the Ecumenical Temple.
  3733 | Temple   | Entered the Ecumenical Temple
  3744 | Temple   | Became a worshipper of Qazlal Stormbringer
  3843 | D:5      | Noticed a hungry ghost
  4030 | D:5      | Found Pisohun's Armour Shoppe.
  4293 | D:5      | Noticed a water moccasin
  4492 | D:6      | Found a glowing golden altar of the Shining One.
  4725 | D:6      | Reached skill level 1 in Armour
  5202 | D:6      | Reached skill level 1 in Throwing
  5259 | D:6      | Slain by an orc warrior

Action                   |  1- 3 |  4- 6 |  7- 9 || total
-------------------------+-------+-------+-------++-------
Melee: Dagger            |    54 |       |       ||    54
       Short sword       |    14 |    97 |       ||   111
       Spear             |       |    30 |   105 ||   135
Throw: Tomahawk          |       |    17 |    21 ||    38
       Javelin           |       |       |     9 ||     9
 Cast: Corona            |     6 |       |       ||     6
       Sure Blade        |     6 |     8 |       ||    14
       Confuse           |     3 |    23 |    31 ||    57
 Abil: Spit Poison       |    40 |    71 |    59 ||   170
  Use: Scroll            |       |     7 |       ||     7
       Potion            |       |       |     1 ||     1
 Stab: Confused          |     1 |     9 |     3 ||    13
       Sleeping          |       |     2 |       ||     2
  Eat: Chunk             |     5 |    13 |     5 ||    23
       Beef jerky        |       |     1 |     1 ||     2
       Meat ration       |       |       |     1 ||     1
